General information
- name: BNet
- type: Ladder team game (AT/RT)
- host: Battle.net
- saver: Gnarp[TKU]
map: GnollWood
- players: 6
- length: 20:16
- speed: Fast
- version: 1.27 W3XP
- replay type: Public
» download(195 KB)
Players
team 1 (loser)
Cena (
green | 109 APM | 2198 actions | 20:07)
3 Far Seer
2 Feral Spirit
1 Chain Lighting
1 Tauren Chieftain
1 War Stomp
» actions
| Assign group hotkey | 28 | |
| Basic commands | 24 | |
| Build / train | 64 | |
| ESC pressed | 3 | |
| Enter build submenu | 25 | |
| Enter hero's abilities submenu | 4 | |
| Right click | 1280 | |
| Select / deselect | 494 | |
| Select group hotkey | 210 | |
| Use ability | 65 | |
2198 total
» units
| Peon | 19 | |
| Grunt | 5 | |
| Demolisher | 15 | |
| Shaman | 3 | |
42 total
» upgrades
| Pillage | 1 | |
| Ranged Weapons | 2 | |
| Burning Oil | 1 | |
| Shaman Training | 2 | |
6 total
» buildings
| Altar of Storms | 1 | |
| Orc Burrow | 8 | |
| Barracks | 2 | |
| Stronghold | 2 | |
| War Mill | 2 | |
| Voodoo Lounge | 1 | |
| Spirit Lodge | 1 | |
| Great Hall | 2 | |
| Fortress | 1 | |
| Watch Tower | 3 | |
23 total
» build order
00:04 Altar of Storms
00:22 Orc Burrow
00:37 Barracks
02:50 Stronghold
02:50 Stronghold
02:55 Orc Burrow
04:10 War Mill
04:36 War Mill
04:59 Voodoo Lounge
05:52 Spirit Lodge
06:45 Great Hall
06:56 Orc Burrow
06:58 Orc Burrow
07:02 Orc Burrow
07:53 Fortress
09:12 Barracks
13:22 Orc Burrow
13:22 Orc Burrow
13:25 Orc Burrow
15:43 Watch Tower
17:11 Watch Tower
17:56 Great Hall
18:21 Watch Tower
» items
| Dust of Appearance | 1 | |
| Healing Salve | 1 | |
| Lesser Clarity Potion | 1 | |
3 total
Jetedefonce (
pink | 124 APM | 2512 actions | 20:11)
4 Death Knight
2 Death Coil
2 Unholy Aura
1 Lich
1 Frost Nova
1 Dreadlord
1 Sleep
» actions
| Assign group hotkey | 37 | |
| Basic commands | 199 | |
| Build / train | 67 | |
| ESC pressed | 3 | |
| Enter build submenu | 17 | |
| Enter hero's abilities submenu | 6 | |
| Right click | 1156 | |
| Select / deselect | 192 | |
| Select group hotkey | 752 | |
| Use ability | 83 | |
2512 total
» units
| Acolyte | 7 | |
| Ghoul | 2 | |
| Crypt Fiend | 23 | |
| Obsidian Statue | 2 | |
| Gargoyle | 3 | |
37 total
» upgrades
» buildings
| Crypt | 1 | |
| Graveyard | 2 | |
| Ziggurat | 7 | |
| Altar of Darkness | 1 | |
| Tomb of Relics | 1 | |
| Halls of the Dead | 4 | |
| Black Citadel | 2 | |
| Slaughterhouse | 1 | |
19 total
» build order
00:09 Crypt
00:20 Graveyard
00:23 Graveyard
00:41 Ziggurat
00:44 Ziggurat
01:07 Altar of Darkness
02:00 Ziggurat
02:16 Tomb of Relics
03:53 Ziggurat
04:12 Halls of the Dead
04:12 Halls of the Dead
07:34 Black Citadel
07:46 Ziggurat
13:39 Slaughterhouse
17:13 Ziggurat
17:14 Ziggurat
» items
| Rod of Necromancy | 1 | |
| Potion of Healing | 2 | |
3 total
Pokerowns (
yellow | 147 APM | 2968 actions | 20:14)
4 Demon Hunter
2 Mana Burn
2 Evasion
» actions
| Assign group hotkey | 29 | |
| Basic commands | 76 | |
| Build / train | 59 | |
| Enter build submenu | 21 | |
| Enter hero's abilities submenu | 4 | |
| Give item / drop item | 2 | |
| Remove unit from queue | 10 | |
| Right click | 1676 | |
| Select / deselect | 229 | |
| Select group hotkey | 782 | |
| Use ability | 80 | |
2968 total
» units
| Wisp | 18 | |
| Archer | 10 | |
| Forest Troll Shadow Priest | 1 | |
| Forest Troll Berserker | 1 | |
| Druid of the Claw | 4 | |
| Dryad | 3 | |
| Hippogryph | 2 | |
39 total
» upgrades
| Druid of the Claw Training | 2 | |
2 total
» buildings
| Altar of Elders | 1 | |
| Moon Well | 7 | |
| Ancient of War | 1 | |
| Tree of Ages | 1 | |
| Hunter's Hall | 1 | |
| Ancient of Lore | 2 | |
| Tree of Eternity | 2 | |
| Ancient of Wind | 2 | |
| Ancient Protector | 4 | |
| Chimaera Roost | 1 | |
22 total
» build order
00:10 Altar of Elders
00:21 Moon Well
00:35 Ancient of War
01:55 Moon Well
03:20 Tree of Ages
04:09 Moon Well
05:08 Hunter's Hall
05:38 Moon Well
06:36 Ancient of Lore
06:40 Ancient of Lore
09:13 Tree of Eternity
13:36 Moon Well
13:37 Moon Well
13:38 Moon Well
17:08 Ancient of Wind
17:09 Ancient of Wind
17:49 Ancient Protector
17:50 Ancient Protector
17:55 Ancient Protector
18:39 Ancient Protector
19:46 Chimaera Roost
» items
| Scroll of Town Portal | 1 | |
| Scroll of Healing | 1 | |
| Boots of Speed | 1 | |
| Potion of Lesser Invulnerability | 1 | |
4 total
team 2 (winner)
get_gorped_666 (
red | 78 APM | 1589 actions | 20:15)
4 Warden
2 Shadow Strike
2 Blink
» actions
| Assign group hotkey | 7 | |
| Basic commands | 10 | |
| Build / train | 39 | |
| ESC pressed | 4 | |
| Enter build submenu | 13 | |
| Enter hero's abilities submenu | 4 | |
| Give item / drop item | 2 | |
| Right click | 994 | |
| Select / deselect | 135 | |
| Select group hotkey | 257 | |
| Use ability | 124 | |
1589 total
» units
» upgrades
| Ultravision | 1 | |
| Well Spring | 1 | |
| Nature's Blessing | 1 | |
3 total
» buildings
| Altar of Elders | 1 | |
| Moon Well | 8 | |
| Tree of Ages | 1 | |
| Hunter's Hall | 1 | |
| Tree of Eternity | 1 | |
| Ancient of Wonders | 1 | |
| Tree of Life | 1 | |
14 total
» build order
00:04 Altar of Elders
00:05 Moon Well
01:32 Moon Well
05:05 Tree of Ages
06:37 Hunter's Hall
07:27 Moon Well
07:28 Moon Well
08:10 Tree of Eternity
08:50 Ancient of Wonders
12:41 Moon Well
12:43 Moon Well
13:07 Moon Well
14:33 Tree of Life
16:19 Moon Well
» items
| Boots of Speed | 1 | |
| Staff of Teleportation | 1 | |
| Orb of Venom | 1 | |
| Potion of Healing | 1 | |
4 total
Gnarp[TKU] (
orange | 143 APM | 2892 actions | 20:16)
4 Archmage
2 Blizzard
2 Brilliance Aura
2 Blood Mage
1 Flame Strike
1 Siphon Mana
» actions
| Assign group hotkey | 447 | |
| Basic commands | 15 | |
| Build / train | 123 | |
| Enter build submenu | 73 | |
| Enter hero's abilities submenu | 6 | |
| Give item / drop item | 1 | |
| Remove unit from queue | 2 | |
| Right click | 1247 | |
| Select / deselect | 341 | |
| Select group hotkey | 460 | |
| Use ability | 177 | |
2892 total
» units
» upgrades
| Masonry | 3 | |
| Lumber Harvesting | 2 | |
| Magic Sentry | 1 | |
| Priest Training | 1 | |
7 total
» buildings
| Altar of Kings | 1 | |
| Lumber Mill | 1 | |
| Farm | 3 | |
| Scout Tower | 80 | |
| Arcane Tower | 9 | |
| Guard Tower | 50 | |
| Town Hall | 1 | |
| Keep | 1 | |
| Castle | 1 | |
| Arcane Sanctum | 1 | |
| Arcane Vault | 2 | |
150 total
» build order
00:14 Altar of Kings
00:28 Lumber Mill
00:33 Farm
00:59 Farm
01:24 Scout Tower
01:25 Scout Tower
01:40 Scout Tower
01:41 Scout Tower
01:52 Arcane Tower
02:08 Arcane Tower
02:18 Arcane Tower
02:19 Scout Tower
02:42 Scout Tower
02:42 Guard Tower
02:44 Scout Tower
02:52 Scout Tower
02:53 Guard Tower
03:15 Guard Tower
03:25 Scout Tower
03:28 Guard Tower
03:40 Scout Tower
03:44 Scout Tower
04:09 Arcane Tower
04:31 Guard Tower
04:59 Town Hall
05:07 Scout Tower
05:08 Scout Tower
05:13 Guard Tower
05:15 Scout Tower
05:16 Scout Tower
05:17 Scout Tower
05:20 Scout Tower
05:20 Scout Tower
05:21 Scout Tower
05:21 Scout Tower
05:27 Keep
05:33 Scout Tower
05:36 Scout Tower
05:36 Scout Tower
05:37 Scout Tower
05:37 Scout Tower
05:38 Guard Tower
05:57 Guard Tower
05:59 Guard Tower
06:08 Guard Tower
06:10 Scout Tower
06:10 Scout Tower
06:20 Guard Tower
06:22 Scout Tower
06:22 Scout Tower
06:26 Guard Tower
06:27 Scout Tower
06:28 Scout Tower
06:29 Scout Tower
06:31 Guard Tower
06:56 Guard Tower
07:17 Scout Tower
07:18 Scout Tower
07:18 Scout Tower
07:21 Guard Tower
07:23 Guard Tower
07:41 Arcane Tower
08:27 Guard Tower
08:29 Scout Tower
08:29 Scout Tower
08:34 Guard Tower
08:34 Guard Tower
08:39 Arcane Tower
08:56 Guard Tower
09:02 Castle
09:21 Guard Tower
09:29 Scout Tower
09:31 Scout Tower
09:37 Guard Tower
09:39 Arcane Sanctum
09:45 Scout Tower
09:45 Scout Tower
09:50 Guard Tower
09:52 Scout Tower
09:52 Scout Tower
09:53 Scout Tower
09:53 Scout Tower
10:13 Guard Tower
10:49 Guard Tower
10:51 Arcane Tower
10:52 Scout Tower
11:13 Guard Tower
11:42 Scout Tower
11:46 Guard Tower
12:17 Guard Tower
12:20 Scout Tower
12:28 Scout Tower
12:29 Scout Tower
13:10 Arcane Vault
13:11 Scout Tower
13:12 Scout Tower
13:13 Scout Tower
13:17 Farm
13:26 Arcane Tower
13:26 Guard Tower
13:33 Scout Tower
13:33 Scout Tower
13:42 Scout Tower
13:44 Scout Tower
13:48 Scout Tower
13:49 Scout Tower
13:50 Guard Tower
13:52 Guard Tower
13:54 Scout Tower
13:55 Scout Tower
14:35 Guard Tower
14:37 Scout Tower
14:49 Guard Tower
14:51 Scout Tower
14:52 Scout Tower
15:39 Guard Tower
15:39 Scout Tower
15:40 Guard Tower
15:43 Guard Tower
15:46 Arcane Tower
15:53 Guard Tower
15:54 Scout Tower
15:59 Scout Tower
16:00 Scout Tower
16:08 Guard Tower
16:10 Scout Tower
16:50 Guard Tower
17:21 Guard Tower
17:22 Scout Tower
17:31 Scout Tower
17:31 Scout Tower
17:32 Scout Tower
17:55 Guard Tower
18:01 Guard Tower
18:04 Guard Tower
18:09 Scout Tower
18:10 Scout Tower
18:31 Guard Tower
18:42 Arcane Vault
18:47 Guard Tower
18:54 Scout Tower
18:58 Guard Tower
19:23 Scout Tower
19:23 Scout Tower
19:27 Guard Tower
19:28 Scout Tower
19:33 Guard Tower
19:37 Scout Tower
19:43 Guard Tower
» items
| Boots of Speed | 2 | |
| Staff of Teleportation | 2 | |
| Healing Salve | 3 | |
| Scroll of Speed | 2 | |
| Lesser Clarity Potion | 3 | |
| Scroll of Regeneration | 2 | |
| Staff of Sanctuary | 2 | |
| Orb of Lightning | 2 | |
18 total
ScoobyDont (
blue | 132 APM | 2678 actions | 20:15)
3 Tauren Chieftain
2 Shockwave
1 Endurance Aura
1 Pandaren Brewmaster
1 Breath of Fire
» actions
| Assign group hotkey | 75 | |
| Basic commands | 8 | |
| Build / train | 69 | |
| ESC pressed | 1 | |
| Enter build submenu | 29 | |
| Enter hero's abilities submenu | 4 | |
| Give item / drop item | 3 | |
| Remove unit from queue | 3 | |
| Right click | 1533 | |
| Select / deselect | 423 | |
| Select group hotkey | 437 | |
| Use ability | 93 | |
2678 total
» units
» upgrades
| Reinforced Defenses | 1 | |
| Liquid Fire | 1 | |
| Ranged Weapons | 1 | |
3 total
» buildings
| Altar of Storms | 1 | |
| Orc Burrow | 4 | |
| War Mill | 1 | |
| Voodoo Lounge | 4 | |
| Watch Tower | 13 | |
| Stronghold | 3 | |
| Beastiary | 2 | |
| Fortress | 1 | |
29 total
» build order
00:09 Altar of Storms
00:12 Orc Burrow
00:22 War Mill
01:07 Voodoo Lounge
01:39 Watch Tower
02:07 Watch Tower
02:34 Orc Burrow
02:50 Watch Tower
02:54 Watch Tower
03:25 Watch Tower
04:28 Stronghold
04:29 Stronghold
04:41 Watch Tower
05:16 Orc Burrow
05:19 Watch Tower
05:48 Watch Tower
06:51 Beastiary
06:52 Beastiary
07:00 Fortress
07:18 Orc Burrow
08:35 Voodoo Lounge
08:36 Voodoo Lounge
09:51 Watch Tower
12:50 Voodoo Lounge
13:32 Watch Tower
13:32 Watch Tower
13:37 Watch Tower
13:38 Watch Tower
» items
| Healing Salve | 5 | |
| Lesser Clarity Potion | 5 | |
| Boots of Speed | 2 | |
| Staff of Teleportation | 4 | |
| Orb of Lightning | 2 | |
| Staff of Preservation | 1 | |
| Staff of Sanctuary | 1 | |
20 total
Chat log
(00:23 / All) get_gorped_666: Gl Hf
(00:26 / All) Cena: gl hf
(20:10 / All) Gnarp[TKU]: gg noobs
(20:13 / All) get_gorped_666: gg